 Dungeon Sprint DCSS version 0.22-a0-423-g4197694 (webtiles) character file.

28 Kidiri the Sneak (level 2, -3/14 HPs)
             Began as a Spriggan Enchanter on May 23, 2018.
             Slain by a wolf (7 damage)
             ... in the Dungeon (Sprint III: "The Ten Rune Challenge").
             The game lasted 00:01:29 (115 turns).

Kidiri the Sneak (Spriggan Enchanter)                Turns: 115, Time: 00:01:30

Health: -3/14      AC:  2    Str:  4    XL:     2   Next: 96%
Magic:  6/8        EV: 20    Int: 16    God:
Gold:   0          SH:  0    Dex: 16    Spells: 6/9 levels left

rFire    . . .     SeeInvis +   a - +1 dagger
rCold    . . .     Gourm    .   (shield restricted)
rNeg     . . .     Faith    .   b - +0 robe
rPois    .         Spirit   .   (helmet restricted)
rElec    .         Reflect  .   (no cloak)
rCorr    .         Harm     .   (gloves unavailable)
MR       .....     NoTele   +   (boots unavailable)
Stlth    +++.......             (no amulet)
HPRegen  0.04/turn              (no ring)
MPRegen  0.11/turn              (no ring)

@: very quick
A: very small, unfitting armour, see invisible, herbivore, speed 3, slow
metabolism 2
a: no special abilities


You were in the Dungeon.
You were not hungry.

You visited 1 branch

Inventory:

Hand Weapons
 a - a +1 dagger (weapon)
Armour
 b - a +0 robe (worn)
Scrolls
 j - a scroll of blinking
Potions
 g - a potion of haste
 h - 2 potions of magic
Comestibles
 d - a ration


   Skills:
 + Level 1.1 Fighting
 * Level 2.7 Short Blades
 + Level 1.0 Armour
 * Level 4.7 Dodging
 * Level 5.9 Stealth
 * Level 4.0 Spellcasting
 + Level 4.2 Hexes
 + Level 0.0 Ice Magic


You had 6 spell levels left.
You knew the following spells:

 Your Spells              Type           Power        Failure   Level  Hunger
a - Corona                Hex            ###....      3%          1    None
b - Ensorcelled Hibernat  Hex/Ice        #.....       11%         2    ##.....

Your spell library contained the following spells:

 Spells                   Type           Power        Failure   Level  Hunger
 Confuse                  Hex            ###.....     9%          3    ###....
 Tukima's Dance           Hex            ###.....     9%          3    ###....
 Dazzling Spray           Conj/Hex       #.....       22%         3    ###....


Dungeon Overview and Level Annotations

Branches:
Dungeon (1/1)

Altars:


Innate Abilities, Weirdness & Mutations

You are very small and have problems with some larger weapons.
You are too small for most types of armour.
You have supernaturally acute eyesight. (SInv)
You are a herbivore.
You cover ground extremely quickly.
You need to consume almost no food.


Message History

You hit the wolf but do no damage.
The wolf is lightly wounded.
The wolf misses you. The wolf bites you!
Ouch! That really hurt!
* * * LOW HITPOINT WARNING * * *
You hit the wolf.
The wolf is moderately wounded.
The wolf barely misses you.
Unknown command.
You hit the wolf.
The wolf is moderately wounded.
The wolf closely misses you. The wolf barely misses you.
You hit the wolf.
The wolf is heavily wounded.
The wolf closely misses you.
You hit the wolf.
The wolf is heavily wounded.
The wolf bites you!
Ouch! That really hurt!
You die...

▓..##.......#
▓##.##.##...# .#
##.##.###..# ..#
▓#.####.##..# ...+
▓.###†.##.[##
#...# ▓#.....##..#
#....#
###..##...##.....#
##†.##....#h.....#
#..###..##@# #).#
#..#### ▓▓▓▓ ▓▓▓▓


You could see a wolf.

Vanquished Creatures
  Jessica (D)
  3 rats (D)
4 creatures vanquished.

Vanquished Creatures (others)
  3 hellions (D)
  4 plants (D)
7 creatures vanquished.

Grand Total: 11 creatures vanquished

Notes
Turn   | Place    | Note
-------+----------+-------------------------------------------
     0 | D        | Kidiri the Spriggan Enchanter began the quest for the Orb.
     0 | D        | Reached XP level 1. HP: 9/9 MP: 5/5
    34 | D        | Noticed Jessica
    45 | D        | Killed Jessica
    45 | D        | Reached skill level 1 in Fighting
    45 | D        | Reached skill level 1 in Armour
    45 | D        | Reached skill level 5 in Stealth
    45 | D        | Reached XP level 2. HP: 14/14 MP: 5/8
    67 | D        | Learned a level 2 spell: Ensorcelled Hibernation
    91 | D        | Killed a hellion
    91 | D        | Killed a hellion
    91 | D        | Killed a hellion
   115 | D        | Slain by a wolf

Vault maps used:
D:        dungeon_sprint_mu

Skill      XL: |  1 |
---------------+----+-----
Spellcasting   | 4 |  4.0
Fighting       | 1 |  1.1
Short Blades   | 2 |  2.7
Armour         | 1 |  1.0
Dodging        | 4 |  4.7
Stealth        | 5 |  5.9
Hexes          | 4 |  4.2

Action                   || total
-------------------------++-------
Melee: Dagger            ||    14
 Cast: Corona            ||     3
  Use: Potion            ||     3
 Stab: Sleeping          ||     3
Dodge: Dodged            ||     9

Table legend:
 A = Spawn XP
 B = Non-spawn XP
 C = Spawn XP percentage of total XP
 D = Spawn monster count
 E = Non-spawn monster count
 F = Spawn count percentage of total count
 G = Total turns spent on level
                    A         B        C        D         E        F      G
               +---------+---------+-------+---------+---------+-------+---------
         Total |       0 |      40 |   0.0 |       0 |       4 |   0.0 |   115
               +---------+---------+-------+---------+---------+-------+---------
             D |       0 |      40 |   0.0 |       0 |       4 |   0.0 |   115
               +---------+---------+-------+---------+---------+-------+---------
